 Dungeon Crawl Stone Soup version 0.31-a0-986-g5e6e4ef867 (webtiles) character file.

Game seed: 13642314207955637302

1107 Naiya55 the Cleaver (level 8, -7/65 HPs)
             Began as a Formicid Fighter on Nov 4, 2023.
             Was a Follower of Okawaru.
             Mangled by a troll (9 damage)
             ... on level 7 of the Dungeon.
             The game lasted 00:08:22 (5873 turns).

Naiya55 the Cleaver (Formicid Fighter)              Turns: 5873, Time: 00:08:23

Health: -7/65      AC: 13    Str: 22    XL:     8   Next: 59%
Magic:  7/8        EV:  6    Int:  9    God:    Okawaru [*.....]
Gold:   314        SH:  5    Dex: 13    Spells: 7/7 levels left

rFire   . . .        a - +0 war axe
rCold   . . .        c - +0 buckler
rNeg    . . .        D - +0 plate armour
rPois   .            (helmet unavailable)
rElec   .            (no cloak)
rCorr   +            n - +0 pair of gloves
SInv    +            h - +0 pair of boots
Will    +....        (no amulet) Stlth
                     f - ring of resist corrosion
HPRegen 0.30/turn    v - ring of willpower
MPRegen 0.11/turn

%: no passive effects
@: on fire, glowing
A: permanent stasis, dig shafts and tunnels, antennae 3, four strong arms
a: Dig, Shaft Self, Renounce Religion, Heroism


You were on level 7 of the Dungeon.
You worshipped Okawaru.
Okawaru was aware of your devotion.
You visited 2 branches of the dungeon, and saw 8 of its levels.

You collected 314 gold pieces.

Inventory:

Hand Weapons
 a - a +0 war axe (weapon)
 t - a +0 flail
Missiles
 q - a throwing net
Armour
 c - a +0 buckler (worn)
 h - a +0 pair of boots (worn)
 n - a +0 pair of gloves (worn)
 D - a +0 plate armour (worn)
Jewellery
 f - a ring of resist corrosion (left hand)
 k - a ring of positive energy
 v - a ring of willpower (right hand)
Wands
 A - a wand of quicksilver (12)
 C - a wand of polymorph (9)
Scrolls
 e - 3 scrolls of amnesia {unknown}
 i - a scroll of summoning {unknown}
 j - 2 scrolls of fog {unknown}
 m - 2 scrolls of revelation {unknown}
 o - 4 scrolls of identify {unknown}
 r - a scroll of enchant armour {unknown}
 x - 2 scrolls of teleportation {unknown}
 y - 2 scrolls of brand weapon {unknown}
 z - a scroll of poison {unknown}
 E - a scroll of fear {unknown}
Potions
 b - a potion of mutation {unknown}
 d - 2 potions of might
 g - a potion of enlightenment {unknown}
 l - a potion of curing {unknown}
 p - a potion of heal wounds {unknown}
 s - a potion of degeneration {unknown}
 u - a potion of invisibility {unknown}
 w - 2 potions of attraction {unknown}
 B - a potion of haste {unknown}


   Skills:
 + Level 6.9 Fighting
 * Level 8.1 Axes
 - Level 3.2 Armour
 - Level 4.0 Shields


You had 7 spell levels left.
You didn't know any spells.
Your spell library contained the following spells:

 Spells                   Type           Power      Damage    Failure   Level
 Kiss of Death            Conj/Necr      0%         2d5       100%        1
 Magic Dart               Conj           0%         1d3       100%        1
 Cigotuvi's Dreadful Rot  Necr/Pois/Air  0%         N/A       100%        2
 Ensorcelled Hibernation  Hex/Ice        0%         N/A       100%        2
 Jinxbite                 Hex            0%         N/A       100%        2
 Confusing Touch          Hex            0%         N/A       100%        3
 Ignite Poison            Fire/Tmut/Pois 0%         N/A       100%        3
 Mephitic Cloud           Conj/Pois/Air  0%         N/A       100%        3
 Volatile Blastmotes      Fire/Tloc      0%         2d10      100%        3
 Anguish                  Hex/Necr       0%         N/A       100%        4
 Dispel Undead            Necr           0%         3d6       100%        4
 Fulminant Prism          Conj/Hex       0%         3d5       100%        4
 Iskenderun's Mystic Bla  Conj/Tloc      0%         2d3       100%        4
 Freezing Cloud           Conj/Ice/Air   0%         6-21      100%        5
 Call Imp                 Summ           Unusable   N/A       N/A         2

Dungeon Overview and Level Annotations

Branches:
Dungeon (7/15)             Temple (1/1) D:4

Altars:
Ashenzari
Cheibriados
Dithmenos
Elyvilon
Fedhas
Gozag
Hepliaklqana
Makhleb
Nemelex Xobeh
Okawaru
Qazlal
Ru
Sif Muna
Uskayaw
Wu Jian
Yredelemnul
Zin
The Shining One

Annotations:
D:7 Maggie


Innate Abilities, Weirdness & Mutations

You cannot be hasted, slowed, berserked, paralysed or teleported.
You can dig through walls and to a lower floor.
You have a pair of large antennae on your head. (SInv)
Your four strong arms can wield two-handed weapons with a shield.


Message History

Maggie mumbles some strange words.
Maggie attempts to bespell you! You resist with almost no effort.
The troll bites you but does no damage. The troll barely misses you.
The troll claws you!
The deep elf pyromancer barely misses you.
Your base Axes skill increases to level 8!
You hit the deep elf pyromancer.
The deep elf pyromancer is moderately wounded.
You hit the troll but do no damage.
You feel like a meek peon again.
Maggie gestures wildly while chanting.
Maggie attempts to bespell you! You resist with almost no effort.
The deep elf pyromancer casts a spell.
You slash the deep elf pyromancer!
The deep elf pyromancer is severely wounded.
You hit the wraith but do no damage. You closely miss the troll.
You barely miss the fire elemental. The wraith hits you!
* * * LOW HITPOINT WARNING * * *
You block the troll's attack. x2; The troll claws you.
* * * LOW HITPOINT WARNING * * *
The deep elf pyromancer hits you but does no damage.
The fire elemental closely misses you.
You hit the deep elf pyromancer.
The deep elf pyromancer is severely wounded.
You slash the wraith! You hit the troll. You barely miss the fire elemental.
The fire elemental closely misses you. The troll bites you but does no damage.
The troll claws you.
* * * LOW HITPOINT WARNING * * *
The troll claws you but does no damage.
The deep elf pyromancer gestures at you while chanting.
The sticky flame hits you but does no damage.
You are covered in liquid flames!
An ice beast comes into view.
The wraith hits you.
* * * LOW HITPOINT WARNING * * *
The fire elemental hits you. The fire elemental burns you!
* * * LOW HITPOINT WARNING * * *
A bullfrog comes into view.
The troll bites you!
You die...

..#..# .##
<...# #..#
,.Y..#
#..# ....#
#.. #...
#..#..# {
#F#@.#
,#WTE# {
#{#@)# #{
#eE# #.
##☼.# #{
##○..# #.
#..<># .
#.....#
.....))#.#
......##.#
###### #.#


You could see Maggie, a deep elf pyromancer, a troll, 2 fire elementals, a
wraith, an ice beast and a bullfrog.

Vanquished Creatures
  An ice beast (D:5)
  An ogre (D:5)
  2 centaurs
  A kobold brigand (D:7)
  A scorpion (D:4)
  2 electric eels (D:6)
  A hound (D:4)
  An orc priest (D:3)
  3 iguanas
  2 orc wizards (D:6)
  2 sleepcaps (D:6)
  11 gnolls
  8 adders
  2 white imps
  2 ufetubi (D:5)
  A worm (D:4)
  2 dart slugs
  6 orcs
  8 bats
  11 endoplasms
  4 giant cockroaches
  8 goblins
  11 hobgoblins
  5 jackals
  4 quokkas
  7 ball pythons
  2 frilled lizards (D:2)
  18 kobolds
  7 rats
134 creatures vanquished.

Vanquished Creatures (others)
  3 kobolds
3 creatures vanquished.

Grand Total: 137 creatures vanquished

Notes
Turn   | Place    | Note
-------+----------+-------------------------------------------
     0 | D:1      | Naiya55 the Formicid Fighter began the quest for the Orb.
     0 | D:1      | Reached XP level 1. HP: 18/18 MP: 1/1
    77 | D:1      | Reached XP level 2. HP: 13/24 MP: 2/2
   400 | D:1      | Reached XP level 3. HP: 30/30 MP: 3/3
   408 | D:1      | Reached skill level 3 in Axes
   843 | D:2      | Reached XP level 4. HP: 25/37 MP: 4/4
  1277 | D:2      | Reached skill level 4 in Axes
  1597 | D:3      | Reached XP level 5. HP: 42/42 MP: 5/5
  1608 | D:3      | Found a burning altar of Makhleb.
  2417 | D:3      | Found a glowing golden altar of the Shining One.
  2553 | D:4      | Reached XP level 6. HP: 45/49 MP: 6/6
  2595 | D:4      | Reached skill level 5 in Axes
  2634 | D:4      | Found a hide-covered altar of Uskayaw.
  2705 | D:4      | Reached skill level 5 in Fighting
  2746 | D:4      | Identified the +1 falchion "Ekhlab" {flame, *Rage rCorr
                  | Str-2 SInv}
  3174 | D:4      | Found a staircase to the Ecumenical Temple.
  3174 | D:4      | Found a faded altar of an unknown god.
  3355 | D:4      | Found a shimmering blue altar of Sif Muna.
  3692 | Temple   | Entered the Ecumenical Temple
  3725 | Temple   | Became a worshipper of Warmaster Okawaru
  3794 | D:5      | Entered Level 5 of the Dungeon
  3800 | D:5      | Noticed an ogre
  3809 | D:5      | Killed an ogre
  3810 | D:5      | Reached skill level 6 in Axes
  3810 | D:5      | Reached XP level 7. HP: 29/56 MP: 7/7
  4281 | D:5      | Found a glowing silver altar of Zin.
  4713 | D:5      | Reached * piety under Okawaru
  4840 | D:6      | Reached skill level 7 in Axes
  4840 | D:6      | Reached XP level 8. HP: 50/64 MP: 8/8
  5153 | D:6      | Found a snail-covered altar of Cheibriados.
  5857 | D:7      | Noticed a deep elf pyromancer
  5860 | D:7      | Noticed a wraith
  5864 | D:7      | Noticed a troll
  5868 | D:7      | Noticed Maggie
  5871 | D:7      | Reached skill level 8 in Axes
  5872 | D:7      | Noticed a fire elemental
  5872 | D:7      | Noticed a fire elemental
  5873 | D:7      | HP: 2/65 [fire elemental[a deep elf pyromancer] (7)]
  5873 | D:7      | Mangled by a troll

Illustrated notes

Levels and vault maps discovered:
D:1:      minmay_arrival_radiant_lines, layout_loops_cross,
          minmay_strange_pillars
D:2:      layout_basic, chequers_serial_rivers_small_a, feat_on_display
D:3:      minmay_spotlight, layout_rooms, tso_altar,
          mainiacjoe_overflow_surrounded_room, chequers_serial_rivers_marsh,
          grunt_ministairs_11
D:4:      layout_basic, amcnicky_altar_gilded, lemuel_blue_sif_altar,
          nicolae_temple_entry_ecumenical, minmay_misc_feat_pillars
D:5:      layout_basic, zin_scriptorium
D:6:      layout_rooms, mainiacjoe_overflow_alcove_2, serial_bayou,
          serial_bayou_ford_a, serial_bayou_lagoon_a, serial_bayou_shore_b,
          serial_bayou_pond_e, serial_bayou_pond_e
D:7:      minmay_the_grid_octo_2x2 [minmay_the_grid_octo_checkerflower,
          minmay_the_grid_octo_77, minmay_the_grid_octo_concentric,
          minmay_the_grid_octo_prize_star], layout_basic,
          gup_ossuary_entry_pyramid, uniq_maggie
Temple:   nicolae_temple_godzebo

Skill      XL: |  1  2  3  4  5  6  7  8 |
---------------+-------------------------+-----
Axes           | 3 4 6 7 8 |  8.1
Fighting       | 4 5 6 |  6.9
Armour         | |  3.2
Shields        | |  4.0

Action                     |  1- 3 |  4- 6 |  7- 9 || total
---------------------------+-------+-------+-------++-------
  Melee: War axe           |    78 |   202 |   135 ||   415
 Invoke: Heroism           |       |       |     2 ||     2
 Armour: Scale mail        |    49 |     5 |       ||    54
         Chain mail        |       |   123 |    65 ||   188
         Plate armour      |       |       |    96 ||    96
  Dodge: Dodged            |    37 |    89 |    59 ||   185
  Block: Buckler           |    24 |    47 |    46 ||   117

Table legend: (Time is in decaauts)
 A = Elapsed time spent in this place.
 B = Non-inter-level travel time spent in this place.
 C = Inter-level travel time spent in this place.
 D = Time resting spent in this place.
 E = Time spent auto-exploring this place.
 F = Levels seen in this place.
 G = Mean time per level.
                   A        B        C        D        E       F      G
               +--------+--------+--------+--------+--------+-----+--------+
         Total |   6004 |   5732 |    272 |    328 |   4162 |   8 |  750.5 |
       Dungeon |   5937 |   5697 |    240 |    328 |   4162 |   7 |  848.1 |
        Temple |     66 |     34 |     32 |      0 |      0 |   1 |   66.0 |
               +--------+--------+--------+--------+--------+-----+--------+

Top non-repeatable levels by time:
     D:4: 1302 daAuts
     D:6: 1073 daAuts
     D:5: 1028 daAuts
     D:2: 978 daAuts
     D:3: 883 daAuts
     D:1: 651 daAuts
  Temple: 66 daAuts
     D:7: 19 daAuts
